 Dungeon Crawl Stone Soup version 0.30-b1-2-g02819fbbbe (webtiles) character file.

Game seed: 18313428191553787592

12800 snakesoul the Thaumaturge (level 12, -7/136 HPs)
             Began as a Djinni Fire Elementalist on June 5, 2023.
             Was a Priest of Makhleb.
             Mangled by a deep troll (13 damage)
             ... on level 1 of the Orcish Mines.
             The game lasted 00:32:43 (10952 turns).

snakesoul the Thaumaturge (DjFE)                   Turns: 10952, Time: 00:32:44

Health: -7/136     AC: 26    Str:  7    XL:     12   Next: 24%
Gold:   965        EV:  2    Int: 22    God:    Makhleb [***...] SH:  0 Dex: 14

rFire   + . .        q - staff of fire
rCold   . . .        (no shield)
rNeg    . . .        T - melded +1 troll leather armour
rPois   ∞            (helmet currently unavailable)
rElec   .            (cloak currently unavailable)
rCorr   .            G - melded +2 pair of gloves
SInv    .            (boots unavailable)
Will    +....        S - amulet of regeneration
Stlth   ++           b - +5 ring of evasion
HPRegen 1.22/turn    n - +5 ring of evasion
MPRegen 0.00/turn

%: infuse magic (-8 HP)
@: tree-form
A: stationary, stasis, torment immunity, boosted hp, sickness immunity, (fire
resistance 2), (cold vulnerability 1), float, innate caster, HP casting, extra
vitality 1
a: Renounce Religion, Minor Destruction, Lesser Servant of Makhleb


You were on level 1 of the Orcish Mines.
You worshipped Makhleb.
Makhleb was most pleased with you.
You were a tree.
You visited 4 branches of the dungeon, and saw 14 of its levels.
You also visited: Ossuary.

You collected 965 gold pieces.

Inventory:

Hand Weapons
 c - a +0 dagger of flaming
Missiles
 P - a throwing net
Armour
 a - a +0 robe
 G - a +2 pair of gloves (melded)
 T - a +1 troll leather armour (melded)
Magical Staves
 k - a staff of earth
 l - a staff of air
 q - a staff of fire (weapon)
Jewellery
 b - a +5 ring of evasion (left branch)
 h - a ring of ice
 n - a +5 ring of evasion (right branch)
 r - a ring of positive energy
 Q - an amulet of reflection
 S - an amulet of regeneration (around neck)
Wands
 y - a wand of digging (5)
 D - a wand of mindburst (23)
 E - a wand of iceblast (18)
 H - a wand of charming (9)
 J - a wand of flame (15)
 O - a wand of polymorph (9)
Scrolls
 d - 3 scrolls of teleportation {unknown}
 e - 7 scrolls of immolation
 i - 3 scrolls of fog
 p - a scroll of enchant armour
 s - 6 scrolls of identify {unknown}
 t - a scroll of enchant weapon {unknown}
 u - 2 scrolls of poison {unknown}
 v - 2 scrolls of summoning {unknown}
 x - 2 scrolls of fear {unknown}
 C - a scroll of silence {unknown}
 I - a scroll of blinking {unknown}
 M - a scroll of noise {unknown}
 R - a scroll of magic mapping {unknown}
Potions
 f - 2 potions of magic {unknown}
 g - 4 potions of lignification
 j - 3 potions of mutation {unknown}
 m - 2 potions of might {unknown}
 o - 6 potions of curing {unknown}
 w - 4 potions of haste {unknown}
 z - 2 potions of attraction {unknown}
 A - 4 potions of degeneration {unknown}
 B - 5 potions of flight {unknown}
 F - 2 potions of cancellation {unknown}
 K - a potion of resistance {unknown}
 L - 2 potions of heal wounds {unknown}
 N - a potion of ambrosia {unknown}


   Skills:
 + Level 10.2 Fighting
 + Level 8.2 Dodging
 - Level 1.5 Stealth
 + Level 11.3 Spellcasting


You knew the following spells:

 Your Spells              Type           Power      Damage    Failure   Level
a - Foxfire               Conj/Fire      100%       2x1d9     1%          1
b - Scorch                Fire           100%       2d9       1%          2
c - Volatile Blastmotes   Fire/Tloc      100%       2d18      1%          3
d - Inner Flame           Hex/Fire       75%        N/A       1%          3
e - Flame Wave            Conj/Fire      75%        2d17      1%          4
f - Summon Small Mammal   Summ           100%       N/A       1%          1
g - Searing Ray           Conj           100%       2d8       1%          2
h - Hailstorm             Conj/Ice       58%        3d13      1%          3
i - Olgreb's Toxic Radia  Pois           58%        N/A       1%          4
j - Metabolic Englaciati  Hex/Ice        29%        N/A       1%          5
Your spell library was empty.

Dungeon Overview and Level Annotations

Branches:
Dungeon (10/15)            Temple (1/1) D:5            Lair (1/5) D:8
    Orc (2/2) D:9         Ossuary (visited)
    Elf: Orc:2

Altars:
Ashenzari
Cheibriados
Dithmenos
Elyvilon
Fedhas
Gozag
Hepliaklqana
Makhleb
Nemelex Xobeh
Okawaru
Qazlal
Ru
Trog
Uskayaw
Wu Jian
Xom
Yredelemnul
Zin
The Shining One

Shops:
D:7 :   D:10 =

Portals:
Abyss: Orc:1

Annotations:
D:7 1 runed translucent door, Shym's ghost, novice HOMo
D:8 1 runed translucent door, Gekot's ghost, novice GrFi
D:9 2 transporters, exclusion: oklob sapling, eyesofgods1's ghost, journeyman OpCj
Orc:1 2 transporters, magipi's ghost, journeyman GrEE
Orc:2 Nessos


Innate Abilities, Weirdness & Mutations

You are a tree.
Your roots penetrate the ground, keeping you stationary.
You cannot be teleported.
You are immune to unholy pain and torment.
Your maximum health is greatly increased.
Your equipment is partially melded.
You are immune to sickness and miasma.
You are immune to poison.
((Your flesh is very heat resistant. (rF++)))
((You are vulnerable to cold. (rC-)))
You float through the air rather than walking.
You learn spells naturally, not from books.
Your magical power is your life essence.
You have superior vitality. (+4 MHP)


Message History

The troll misses you.
Unknown command.
Unknown command.
Unknown command.
It was a potion of lignification.
You turn into a tree.
Your +2 pair of gloves melds into your body.
Your +1 troll leather armour melds into your body.
Your roots penetrate the ground.
The ogre hits you with a +0 giant club!
* * * LOW HITPOINT WARNING * * *
The ogre hits you with a +0 giant spiked club!
* * * LOW HITPOINT WARNING * * *
The troll bites you but does no damage. The troll claws you!
* * * LOW HITPOINT WARNING * * *
The troll claws you but does no damage. The deep troll bites you.
* * * LOW HITPOINT WARNING * * *
The deep troll claws you but does no damage.
The deep troll claws you.
* * * LOW HITPOINT WARNING * * *
Unknown command.
Casting: Flame Wave (mildly dangerous; 1% risk of failure)
Confirm with . or Enter, or press ? or * to list all spells.
Casting: Flame Wave (mildly dangerous; 1% risk of failure)
Press: ? - help, Dir - look around, f - activate You feel a surge of power!
A wave of flame ripples out!
The flame wave engulfs the ogre!!
The ogre is severely wounded.
The flame wave engulfs the ogre!!
The ogre is severely wounded.
The flame wave engulfs the troll!
The troll is moderately wounded.
The flame wave engulfs the deep troll!
The deep troll is lightly wounded. (Press . to intensify the flame waves.)
* * * LOW HITPOINT WARNING * * *
The ogre hits you but does no damage. The ogre hits you with a +0 giant club.
* * * LOW HITPOINT WARNING * * *
The troll bites you but does no damage.
The troll claws you but does no damage. x2
The deep troll bites you but does no damage.
The deep troll completely misses you. The deep troll claws you!
You die... ..............## ##....####.... ...............# ##.....##©###.. ..............#####......##..p##. .#............##.##..#....#Ru.u## ##...#.......#...........##:###.© ##.....................##..#^#x4 #................#.#..©#W..# uxx

#......................#####x###
#.............§♣O§......# .##.#
##............OTT§......##..#...
###.#........§§§§.....##.#.###.
##.........§§.§.....#.#.#..##
###..#...........#...##.h∩#.W#
##...............#.....####..##
##..........#..####........####.
#...##..........##.#........##..
##.#####>...........#...........


You could see a deep troll, a troll and 2 ogres.

Vanquished Creatures
  2 two-headed ogres (D:9)
  A death yak (D:8)
  An orc high priest (Orc:1)
  Pikel (D:7)
  2 orc sorcerers (Orc:1)
  A cyclops (Orc:1)
  A troll (Orc:1)
  Grinder (D:4)
  Prince Ribbit (D:7)
  4 hornets (D:9)
  3 wyverns
  Sigmund (D:6)
  A vampire (D:7)
  9 yaks
  A warg (Orc:1)
  2 water moccasins
  7 orc warriors
  Duvessa (D:6)
  2 black bears
  2 ice beasts
  3 sky beasts
  3 ogres
  A phantom (D:5)
  4 lemures (D:7)
  A bullfrog (D:8)
  An elf zombie (Ossuary)
  2 gnoll sergeants
  5 scorpions
  8 wights
  Dowan (D:6)
  26 killer bees
  7 howler monkeys
  2 centaur zombies (Ossuary)
  6 hounds
  2 jellies
  A human zombie (Ossuary)
  2 orc priests
  2 sleepcaps
  10 orc wizards
  2 mummies (Ossuary)
  11 gnolls
  7 adders
  2 white imps
  An ufetubus (D:7)
  An adder zombie (Ossuary)
  2 worms
  2 dart slugs
  37 orcs
  6 endoplasms
  2 giant cockroaches
  8 goblins
  10 hobgoblins
  10 jackals
  6 quokkas
  16 ball pythons
  4 bats
  6 frilled lizards
  3 goblin zombies (Ossuary)
  11 hobgoblin zombies (Ossuary)
  A jackal zombie (Ossuary)
  10 kobolds
  11 kobold zombies (Ossuary)
  5 orc zombies (Ossuary)
  21 rats
  A rat zombie (Ossuary)
327 creatures vanquished.

Vanquished Creatures (collateral kills)
  6 foxfires (D:9)
6 creatures vanquished.

Vanquished Creatures (others)
  787 foxfires
  A fungus (Lair:1)
  10 plants (D:9)
798 creatures vanquished.

Grand Total: 1131 creatures vanquished

Notes
Turn   | Place    | Note
-------+----------+-------------------------------------------
     0 | D:1      | snakesoul the Djinni Fire Elementalist began the quest for
                  | the Orb.
     0 | D:1      | snakesoul set off with the following spells memorised:
                  | Foxfire, Scorch, Volatile Blastmotes, Inner Flame, Flame
                  | Wave.
     0 | D:1      | Reached XP level 1. HP: 15/15 MP: 0/0
     0 | D:1      | Noticed a minotaur skeleton
   122 | D:1      | Reached XP level 2. HP: 14/21 MP: 0/0
   231 | D:1      | Reached skill level 3 in Spellcasting
   417 | D:1      | Reached XP level 3. HP: 23/25 MP: 0/0
   417 | D:1      | Learned a level 1 spell: Summon Small Mammal
  1199 | D:2      | Reached XP level 4. HP: 25/31 MP: 0/0
  1411 | D:2      | Reached skill level 4 in Spellcasting
  1413 | D:2      | Reached XP level 5. HP: 16/35 MP: 0/0
  1413 | D:2      | Learned a level 2 spell: Searing Ray
  2979 | D:4      | Noticed an ogre
  2983 | D:4      | Killed an ogre
  2984 | D:4      | Reached skill level 5 in Spellcasting
  2984 | D:4      | Reached XP level 6. HP: 22/40 MP: 0/0
  3288 | D:4      | Reached XP level 7. HP: 39/45 MP: 0/0
  3288 | D:4      | Learned a level 3 spell: Hailstorm
  3323 | D:4      | Noticed Grinder
  3326 | D:4      | Killed Grinder
  3327 | D:4      | Reached skill level 6 in Spellcasting
  3432 | D:4      | Found a sand-covered staircase.
  3446 | Ossuary  | Entered an ossuary
  3707 | Ossuary  | Reached XP level 8. HP: 30/50 MP: 0/0
  3969 | Ossuary  | Reached skill level 7 in Spellcasting
  4295 | D:4      | Found an opulent altar of Gozag.
  4539 | D:5      | Entered Level 5 of the Dungeon
  4661 | D:5      | Found a staircase to the Ecumenical Temple.
  4670 | Temple   | Entered the Ecumenical Temple
  4804 | Temple   | Became a worshipper of Makhleb the Destroyer
  5170 | D:5      | Reached skill level 8 in Spellcasting
  5514 | D:5      | Reached skill level 1 in Fighting
  5679 | D:6      | Noticed Duvessa
  5687 | D:6      | Killed Duvessa
  5688 | D:6      | Reached XP level 9. HP: 48/58 MP: 0/0
  5688 | D:6      | Learned a level 4 spell: Olgreb's Toxic Radiance
  5740 | D:6      | Noticed Dowan
  5744 | D:6      | Killed Dowan
  5799 | D:6      | Found a shadowy altar of Dithmenos.
  5936 | D:6      | Noticed Sigmund
  5951 | D:6      | Killed Sigmund
  6028 | D:6      | Found a hide-covered altar of Uskayaw.
  6040 | D:6      | Noticed a +0 dagger
  6041 | D:6      | Noticed a +0 dagger
  6345 | D:6      | Found a sparkling altar of Nemelex Xobeh.
  6735 | D:6      | Reached skill level 9 in Spellcasting
  6932 | D:7      | Reached skill level 5 in Fighting
  7136 | D:7      | Reached * piety under Makhleb
  7239 | D:7      | Found Piblausch's Vocational Training.
  7272 | D:7      | Reached XP level 10. HP: 66/72 MP: 0/0
  7320 | D:7      | Found a runed translucent door.
  7321 | D:7      | Noticed Shym's ghost (novice HOMo)
  7323 | D:7      | Noticed Pikel
  7332 | D:7      | Killed Pikel
  7564 | D:7      | Noticed Prince Ribbit
  7570 | D:7      | Killed Prince Ribbit
  8072 | D:8      | Found a staircase to the Lair.
  8216 | D:8      | Found a runed translucent door.
  8216 | D:8      | Noticed Gekot's ghost (novice GrFi)
  8324 | D:8      | Found a glowing golden altar of the Shining One.
  8412 | D:8      | Reached skill level 10 in Spellcasting
  8964 | D:9      | Noticed a two-headed ogre
  8973 | D:9      | Killed a two-headed ogre
  9042 | D:9      | Noticed a moth of wrath
  9082 | D:9      | Reached XP level 11. HP: 59/81 MP: 0/0
  9082 | D:9      | Learned a level 5 spell: Metabolic Englaciation
  9198 | D:9      | Reached ** piety under Makhleb
  9285 | D:9      | Reached skill level 5 in Dodging
  9349 | D:9      | Found a transporter.
  9430 | D:9      | Noticed a tengu warrior
  9431 | D:9      | Found a transporter.
  9432 | D:9      | Noticed eyesofgods1's ghost (journeyman OpCj)
  9444 | D:9      | Found a bloodstained altar of Trog.
  9645 | D:9      | Noticed a two-headed ogre
  9659 | D:9      | Killed a two-headed ogre
  9740 | D:9      | Found a staircase to the Orcish Mines.
  9918 | D:10     | Entered Level 10 of the Dungeon
  9918 | D:10     | Found Niurhiq's Jewellery Emporium.
  9925 | D:10     | Reached *** piety under Makhleb
 10044 | Lair:1   | Entered Level 1 of the Lair of Beasts
 10044 | Lair:1   | Noticed a death yak
 10044 | Lair:1   | Noticed a death yak
 10045 | Lair:1   | Noticed a death yak
 10046 | Lair:1   | Noticed a death yak
 10058 | D:8      | Killed a death yak
 10059 | D:8      | Reached skill level 11 in Spellcasting
 10141 | Orc:1    | Entered Level 1 of the Orcish Mines
 10141 | Orc:1    | Noticed a cyclops
 10152 | Orc:1    | Killed a cyclops
 10264 | Orc:1    | Noticed an orc sorcerer
 10270 | Orc:1    | Killed an orc sorcerer
 10271 | Orc:1    | Reached XP level 12. HP: 53/90 MP: 0/0
 10301 | Orc:1    | Found a transporter.
 10304 | Orc:1    | Found a transporter.
 10352 | Orc:1    | Reached skill level 10 in Fighting
 10354 | Orc:1    | Noticed an orc warlord
 10375 | Orc:1    | Noticed a red very ugly thing
 10532 | Orc:1    | Noticed a rakshasa
 10551 | Orc:1    | Found a one-way gate to the infinite horrors of the Abyss.
 10553 | Orc:1    | Noticed magipi's ghost (journeyman GrEE)
 10755 | Orc:1    | Noticed an orc high priest
 10763 | Orc:1    | Killed an orc high priest
 10873 | Orc:2    | Entered Level 2 of the Orcish Mines
 10875 | Orc:2    | Noticed Nessos
 10886 | Orc:2    | HP: 3/91 [Nessos/iceblast (16)]
 10933 | Orc:2    | Noticed an ogre mage
 10933 | Orc:2    | Noticed a deep troll
 10952 | Orc:1    | HP: 6/136 [ogre/+0 giant club (1)]
 10952 | Orc:1    | Mangled by a deep troll

Illustrated notes

Levels and vault maps discovered:
D:1:      shiori_arrival_whats_in_store_for_you, layout_basic,
          kennysheep_pointless_box
D:2:      layout_loops_cross, minivault_23, minmay_rat_hole
D:3:      kennysheep_big_flooded_room, layout_loops_cross
D:4:      layout_loops_ring, mainiacjoe_overflow_24_doors,
          chequers_ossuary_entry_cave, minmay_misc_feat_cross, uniq_grinder
D:5:      layout_basic, minmay_temple_entry_gardened_gates, dk_vineyard_1
D:6:      nicolae_cairo_tiling, layout_loops_corners, dancing_weapons_uskayaw,
          grunt_dithmenos_smoke, nemelex_spade_bored_becter, uniq_sigmund,
          uniq_duvessa
D:7:      layout_rooms, ebering_ghost_reflecting_pool, enter_bailey_6,
          grunt_decor_clamped, st_stairs_9, nicolae_shop_vocational, uniq_pikel,
          uniq_prince_ribbit1
D:8:      layout_gridville, mainiacjoe_overflow_concentric_impassable,
          lair_entry_dummy, ebering_ghost_inner_flame
D:9:      layout_irregular_city, orc_0_dummy, gammafunk_ghost_wrathful_warriors,
          introduction_to_nature_2
D:10:     due_megacathedral, layout_cave_pools, serial_ice, serial_ice_a,
          serial_ice_l, serial_ice_h, serial_ice_d,
          nicolae_trove_entry_free_sample, nicolae_stop_n_shop_1, minivault_25
Temple:   minmay_crystal_spiral_temple
Lair:1:   wander_river, layout_small_grid, grunt_megastairs_4
Orc:1:    layout_caves, gammafunk_ghost_abyssal_escape, kennysheep_orc_chapel
Orc:2:    st_orc_open, layout_caves, nicolae_shop_clearance, uniq_azrael,
          uniq_nessos

Skill      XL: |  1  2  3  4  5  6  7  8  9 10 11 12 |
---------------+-------------------------------------+-----
Spellcasting   | 3 4 5 6 8 9 10 11 | 11.3
Fighting       | 1 5 8 9 10 | 10.2
Dodging        | 4 7 8 |  8.2
Stealth        | |  1.5

Action                     |  1- 3 |  4- 6 |  7- 9 | 10-12 || total
---------------------------+-------+-------+-------+-------++-------
  Melee: Dagger            |     1 |     2 |       |       ||     3
   Cast: Foxfire           |   105 |   153 |   142 |    97 ||   497
         Scorch            |       |    13 |    50 |    54 ||   117
         Volatile Blastmot |       |     2 |    27 |    18 ||    47
         Searing Ray       |       |       |     5 |     1 ||     6
         Inner Flame       |       |       |     4 |       ||     4
         Olgreb's Toxic Ra |       |       |     1 |    26 ||    27
         Flame Wave        |       |       |     1 |    19 ||    20
         Hailstorm         |       |       |     1 |    20 ||    21
         Metabolic Englaci |       |       |       |     9 ||     9
    Use: Scroll            |       |       |       |     2 ||     2
         Potion            |       |       |       |     1 ||     1
 Armour: Robe              |       |     1 |    10 |    11 ||    22
         Troll leather arm |       |       |       |     3 ||     3
         Skin              |       |       |       |     8 ||     8
  Dodge: Dodged            |     7 |    12 |    31 |   110 ||   160
